 Dungeon Crawl Stone Soup version 0.16-a0-1784-gf5591c9 (webtiles) character file.

15321 Gorice the Carver (level 12, 0/81 HPs)
             Began as a Demonspawn Wanderer on Nov 1, 2014.
             Was an Elder of Okawaru.
             Succumbed to an orc's poison
             ... on level 1 of the Orcish Mines.
             The game lasted 01:47:30 (15227 turns).

Gorice the Carver (Demonspawn Wanderer)            Turns: 15227, Time: 01:47:30

Health: 0/81       AC: 22    Str: 18    XL:     12   Next: 0%
Magic:  14/14      EV:  6    Int: 13    God:    Okawaru [****..]
Gold:   701        SH:  0    Dex: 18    Spells: 0 memorised, 11 levels left

rFire  . . .     SeeInvis .     a - +4 scimitar
rCold  . . .     Clarity  .     S - +0 plate armour
rNeg   . . .     SustAb   .     (no shield)
rPois  .         Gourm    .     P - +2 hat
rElec  +         Spirit   +     K - +0 cloak
rCorr  .         Warding  .     (no gloves)
rMut   .         Stasis   .     (no boots)
MR     .....                    s - amulet of rage
Stlth  ..........               F - ring of stealth
                                C - +3 ring of dexterity

@: lethally poisoned, not resistant to hostile enchantments, extremely
unstealthy
A: hooves 1, thin metallic scales 3, agile 1, spiny 1, magic shield, magic
regeneration, magic link
a: Heroism, Renounce Religion, Evoke Berserk Rage


You were on level 1 of the Orcish Mines.
You worshipped Okawaru.
Okawaru was greatly pleased with you.
You were hungry.

You visited 4 branches of the dungeon, and saw 14 of its levels.

You collected 786 gold pieces.
You spent 85 gold pieces at shops.

Inventory:

Hand weapons
 a - a +4 scimitar (weapon)
 b - a +2 shortbow
 e - a +2 falchion of electrocution
 o - a +4 quarterstaff
 p - a +0 hammer of protection
 v - a +2 glaive of flaming
Missiles
 d - 114 arrows
 h - 6 tomahawks (quivered)
 n - 11 exploding sling bullets
 q - 20 sling bullets
 Q - 2 arrows of frost
 T - 6 curare-tipped needles
 Y - 3 throwing nets
 Z - 160 stones
Armour
 r - a +1 ring mail
 K - a +0 cloak (worn)
 P - a +2 hat (worn)
 S - a +0 plate armour (worn)
 U - a +1 shield of cold resistance
 X - a cursed -1 ring mail
Jewellery
 s - an amulet of rage (around neck)
 u - an uncursed amulet of warding {unknown}
 C - a +3 ring of dexterity (left hand)
 F - a ring of stealth (right hand)
Magical devices
 c - a wand of enslavement (7)
 j - a wand of disintegration (2)
 y - a wand of digging (7)
 I - a wand of teleportation (8)
 N - a wand of lightning (2)
Scrolls
 i - 2 scrolls of amnesia
 l - a scroll of enchant armour
 w - 5 scrolls of remove curse
 x - a scroll of enchant weapon
 A - 2 scrolls of recharging
 D - a scroll of teleportation
 H - 2 scrolls of identify
 L - a scroll of blinking
 O - a scroll of magic mapping
Potions
 k - 3 potions of restore abilities
 m - a potion of invisibility
 G - a potion of agility
 J - a potion of flight
 R - a potion of brilliance
Books
 t - a book of Conjurations

   Spells                             Type                      Level
   Magic Dart                         Conjuration                  1
   Searing Ray                        Conjuration                  2
   Dazzling Spray                     Conjuration/Hexes            3
   Fulminant Prism                    Conjuration/Hexes            4
   Iskenderun's Mystic Blast          Conjuration                  4
   Iskenderun's Battlesphere          Conjuration/Charms           5
 M - a book of Envenomations

   Spells                             Type                      Level
   Spider Form                        Transmutation/Poison         3
   Alistair's Intoxication            Transmutation/Poison         4
   Olgreb's Toxic Radiance            Poison                       4
   Poisonous Cloud                    Conjuration/Poison/Air       6
 V - a book of Summonings

   Spells                             Type                      Level
   Abjuration                         Summoning                    3
   Recall                             Summoning/Translocation      3
   Shadow Creatures                   Summoning                    5
   Summon Demon                       Summoning                    5
   Summon Forest                      Summoning/Translocation      5
   Monstrous Menagerie                Summoning                    6
Comestibles
 f - 11 bread rations
 g - 3 beef jerkies
 z - 9 meat rations
 B - 9 fruits
 W - 3 chunks of flesh


   Skills:
 - Level 3.0 Fighting
 * Level 13.8 Long Blades
 - Level 4.2 Bows
 - Level 1.0 Throwing
 + Level 10.5 Armour
 - Level 1.0 Evocations


You had 11 spell levels left.
You didn't know any spells.

Dungeon Overview and Level Annotations

Branches:
Dungeon (10/15)            Temple (1/1) D:6             Orc (2/4) D:9
   Lair (1/8) D:9

Altars:
Ashenzari
Cheibriados
Dithmenos
Elyvilon
Fedhas
Gozag
Kikubaaqudgha
Makhleb
Nemelex Xobeh
Okawaru
Qazlal
Ru
Sif Muna
Trog
Vehumet
Xom
Yredelemnul
Zin
The Shining One
Beogh

Shops:
D:7 ?*!}}   D:8 =   Orc:2 [

Annotations:
D:3 1100001001's ghost, average HOCK; Grinder
D:8 Eustachio
Lair:1 pUX: lethal!


Innate Abilities, Weirdness & Mutations

You have large cloven feet.
You are completely covered in thin metallic scales (AC +4, rElec).
You are partially covered in sharp spines.
When hurt, damage is shared between your health and your magic reserves.
You regenerate magic rapidly.
When low on magic, you restore magic in place of health.
You are agile. (Dex +2)


Message History

You see here 2 arrows.
* * * LOW HITPOINT WARNING * * *
You feel sick.
You see here 2 arrows.
* * * LOW HITPOINT WARNING * * *
You feel sick.
You see here an arrow.
* * * LOW HITPOINT WARNING * * *
You feel sick.
* * * LOW HITPOINT WARNING * * *
You feel sick.
* * * LOW HITPOINT WARNING * * *
You feel sick.
* * * LOW HITPOINT WARNING * * *
You feel sick.
* * * LOW HITPOINT WARNING * * *
You feel sick.
Drink which item? (? for menu, Esc to quit)
You feel magically purged.
You die...

###......)#.##...
#....#.....###...
####.).....####
##.. #.#)#).....#
#.) ##(..##..###
#..
####(...#....#
#..
#..(.#.....#..#
##..
#..(.##...##...#
##...
#.....@........
#....
##.....##......
##... ##....#
..... ###. ###.##
. ##... ### #....
#.... #.... ##...
##..


There were no monsters in sight!

Vanquished Creatures
  A hydra (Lair:1)
  An unseen horror (D:10)
  A hill giant (D:10)
  An orc knight (Orc:2)
  A black mamba (Lair:1)
  Joseph (D:8)
  A spiny frog (Lair:1)
  3 komodo dragons (Lair:1)
  3 trolls
  A merfolk (D:10)
  A basilisk (Lair:1)
  A deep elf mage (D:10)
  2 humans (D:9)
  19 yaks
  3 hippogriffs
  Grum (D:8)
  A deep elf fighter (D:9)
  A porcupine (Lair:1)
  2 wolves (D:8)
  3 water moccasins
  A necrophage (D:8)
  A black bear (D:8)
  8 orc warriors
  3 sky beasts
  An ice beast (D:6)
  7 ogres
  2 phantoms
  6 centaurs
  A big kobold (D:9)
  4 giant frogs
  A gnoll sergeant (D:7)
  5 scorpions
  A water moccasin skeleton (D:5)
  5 wights (D:6)
  9 killer bees
  A troll skeleton (D:7)
  3 goliath beetles
  6 crimson imps
  9 orc priests
  A giant frog skeleton (D:5)
  5 hounds
  2 jellies
  Crazy Yiuf (D:2)
  13 orc wizards
  5 iguanas
  7 worker ants
  A sky beast zombie (D:5)
  A hound zombie (D:7)
  2 ogre skeletons (D:9)
  A worker ant zombie (D:10)
  18 gnolls
  5 adders
  7 green rats
  A shadow imp (D:4)
  3 giant mites
  2 worms
  4 oozes
  83 orcs
  2 ball pythons
  8 goblins
  14 hobgoblins
  12 jackals
  4 quokkas
  19 bats
  10 giant cockroaches
  8 giant geckos
  2 giant newts
  A goblin zombie (D:5)
  A hobgoblin zombie (D:7)
  13 kobolds
  23 rats
401 creatures vanquished.

Vanquished Creatures (others)
  An orc (Orc:2)
  A bush (D:7)
  2 fungi (Lair:1)
  A plant (Lair:1)
5 creatures vanquished.

Grand Total: 406 creatures vanquished

Notes
Turn   | Place    | Note
--------------------------------------------------------------
     0 | D:1      | Gorice, the Demonspawn Wanderer, began the quest for the Orb.
     0 | D:1      | Reached XP level 1. HP: 18/18 MP: 1/1
   170 | D:1      | Gained mutation: You have large cloven feet. [demonic ancestry]
   170 | D:1      | Reached XP level 2. HP: 24/24 MP: 2/2
   622 | D:1      | Gained mutation: When hurt, damage is shared between your health and your magic reserves. [demonic ancestry]
   622 | D:1      | Reached XP level 3. HP: 29/29 MP: 3/3
  1263 | D:2      | Gained mutation: You are partially covered in thin metallic scales (AC +2). [demonic ancestry]
  1263 | D:2      | Reached XP level 4. HP: 22/35 MP: 2/4
  1379 | D:2      | Noticed Crazy Yiuf
  1395 | D:2      | Killed Crazy Yiuf
  1596 | D:2      | Found a deep blue altar of Sif Muna.
  1602 | D:2      | Found a sacrificial altar of Ru.
  1696 | D:2      | Reached skill level 4 in Bows
  2158 | D:3      | Noticed 1100001001's ghost (average HOCK)
  2161 | D:3      | Gained mutation: You regenerate magic rapidly. [demonic ancestry]
  2161 | D:3      | Reached XP level 5. HP: 41/41 MP: 5/5
  2712 | D:3      | Noticed Grinder
  2733 | D:3      | Paralysed by Grinder for 7 turns
  2744 | D:3      | Paralysed by Grinder for 2 turns
  3107 | D:3      | Noticed an ogre
  3112 | D:3      | Killed an ogre
  3112 | D:3      | Gained mutation: You are mostly covered in thin metallic scales (AC +3). [demonic ancestry]
  3112 | D:3      | Reached XP level 6. HP: 47/47 MP: 7/7
  3195 | D:3      | Found a blossoming altar of Fedhas.
  4268 | D:5      | Entered Level 5 of the Dungeon
  4280 | D:5      | Gained mutation: When low on magic, you restore magic in place of health. [demonic ancestry]
  4280 | D:5      | Reached XP level 7. HP: 52/52 MP: 8/8
  4624 | D:5      | Reached skill level 5 in Armour
  5081 | D:5      | Found a shadowy altar of Dithmenos.
  5082 | D:5      | Found a shattered altar of Ashenzari.
  5295 | D:6      | Found a burning altar of Makhleb.
  5333 | D:6      | Reached skill level 5 in Long Blades
  5353 | D:6      | Gained mutation: You are partially covered in sharp spines. [demonic ancestry]
  5353 | D:6      | Reached XP level 8. HP: 33/58 MP: 7/9
  5586 | D:6      | Reached skill level 6 in Long Blades
  5671 | D:6      | Found a staircase to the Ecumenical Temple.
  5722 | Temple   | Entered the Ecumenical Temple
  6523 | D:7      | Reached skill level 7 in Long Blades
  6706 | D:7      | Found Shriy's Magic Scroll Boutique.
  6715 | D:7      | Bought a scroll of remove curse for 33 gold pieces
  6749 | D:7      | Found Mnupli Cio's Distillery.
  6772 | D:7      | Bought a potion of confusion for 13 gold pieces
  6772 | D:7      | Bought a potion of heal wounds for 39 gold pieces
  6775 | D:7      | Found Qasyum's General Store.
  7214 | D:7      | Reached XP level 9. HP: 36/63 MP: 7/10
  7274 | D:7      | Reached skill level 8 in Long Blades
  7474 | D:7      | Found Cuatraa's Gadget Emporium.
  7507 | D:7      | Found Kinanob's Gadget Shop.
  8260 | D:8      | Noticed Joseph
  8275 | D:8      | Killed Joseph
  8275 | D:8      | Reached skill level 9 in Long Blades
  8559 | D:8      | Found Xeofargh's Jewellery Shoppe.
  8684 | D:8      | Found a glowing golden altar of the Shining One.
  8724 | D:8      | Noticed Eustachio
  8727 | D:8      | Noticed Grum
  8738 | D:8      | Reached skill level 10 in Long Blades
  8752 | D:8      | Killed Grum
  8857 | D:8      | Reached XP level 10. HP: 66/70 MP: 11/11
  8993 | D:8      | Found a white marble altar of Elyvilon.
  8993 | D:8      | Found a glowing golden altar of the Shining One.
  8993 | D:8      | Found a glowing silver altar of Zin.
  9375 | D:9      | Gained mutation: You are agile. (Dex +2) [potion of beneficial mutation]
  9624 | D:9      | Found an iron altar of Okawaru.
  9667 | D:9      | Became a worshipper of Warmaster Okawaru
  9727 | D:9      | Found an ancient bone altar of Kikubaaqudgha.
  9925 | D:9      | Found a staircase to the Lair.
  9972 | D:9      | Found a staircase to the Orcish Mines.
 10050 | D:9      | Reached skill level 11 in Long Blades
 10266 | D:9      | Found a roughly hewn altar of Beogh.
 10397 | D:7      | Acquired Okawaru's first power
 10930 | Lair:1   | Entered Level 1 of the Lair of Beasts
 10930 | Lair:1   | Noticed an eight-headed hydra
 10930 | Lair:1   | Noticed a black mamba
 10959 | Lair:1   | Killed a black mamba
 11133 | Lair:1   | Killed an eight-headed hydra
 11133 | Lair:1   | Reached skill level 12 in Long Blades
 11133 | Lair:1   | Reached XP level 11. HP: 33/75 MP: 7/12
 11857 | Lair:1   | Noticed an eight-headed hydra
 12382 | D:10     | Entered Level 10 of the Dungeon
 12893 | D:10     | Killed an unseen horror
 12893 | D:10     | Reached skill level 13 in Long Blades
 12893 | D:10     | Reached skill level 10 in Armour
 13645 | D:10     | Noticed a hill giant
 13661 | D:10     | Killed a hill giant
 13863 | Orc:1    | Entered Level 1 of the Orcish Mines
 14008 | Orc:2    | Found Shuiner's Armour Shop.
 15087 | Orc:1    | Found a bloodstained altar of Trog.
 15196 | Orc:1    | Gained mutation: You are completely covered in thin metallic scales (AC +4, rElec). [demonic ancestry]
 15196 | Orc:1    | Reached XP level 12. HP: 43/81 MP: 9/14
 15220 | Orc:1    | HP: 4/81 [poisoned by an orc]
 15225 | Orc:1    | HP: 1/81 [poisoned by an orc]
 15227 | Orc:1    | Succumbed to an orc's poison

Action                   |  1- 3 |  4- 6 |  7- 9 | 10-12 || total
-------------------------+-------+-------+-------+-------++-------
Melee: Unarmed           |     1 |       |       |       ||     1
       Falchion          |       |    71 |   130 |       ||   201
       Halberd           |       |     1 |       |       ||     1
       Scimitar          |       |       |   228 |   727 ||   955
       Hammer            |       |       |     2 |       ||     2
 Fire: Shortbow          |    99 |   137 |   203 |   238 ||   677
Throw: Stone             |       |     4 |     6 |       ||    10
       Tomahawk          |       |       |    13 |     4 ||    17
       Throwing net      |       |       |     4 |       ||     4
Invok: Heroism           |       |       |       |    12 ||    12
  Use: Scroll            |     5 |     4 |    13 |     7 ||    29
       Potion            |       |     1 |     1 |     8 ||    10
 Stab: Held in net/web   |       |       |     1 |       ||     1
       Sleeping          |       |       |     1 |       ||     1
  Eat: Chunk             |     1 |     9 |    15 |    18 ||    43
       Pizza             |       |       |       |     1 ||     1
       Beef jerky        |       |       |       |     1 ||     1
